Map: Purity and Industry LE

Players

PtitDrogo - Winner!

  • Race: Protoss Protoss
  • League: Grandmaster
  • Spawn Location: 3:00

BlyOnFire (Bly)

  • Race: Zerg Zerg
  • League: Grandmaster
  • Spawn Location: 12:00

VOD

Have the link to the VOD?

Description

Time

  • Played on: March 29, 2020, 6:56 p.m.
  • Length: 10:10
Show
View Real Time Build Order
Export as new Build Order

PtitDrogo Protoss - Winner!

Build Orders: Zealot Archon 

Get SALT Encoding   

  12  0:00  Probe  
  13  0:13  Probe  
  14  0:20  Pylon  
  14  0:25  Probe  
  15  0:38  Probe (Chrono Boost)  
  15  0:39  Gateway  
  16  0:47  Probe (Chrono Boost)  
  16  0:48  Assimilator  
  17  0:52  Probe (Chrono Boost)  
  18  1:04  Probe  
  19  1:16  Probe  
  20  1:23  Gateway  
  20  1:26  Cybernetics Core  
  20  1:27  Zealot  
  20  1:32  Pylon  
  22  1:33  Probe  
  23  1:50  Probe  
  24  2:05  Probe  
  24  2:07  Stalker x2 (Chrono Boost)  
  25  2:15  Pylon  
  29  2:30  Nexus  
  29  2:34  Warp Gate (Chrono Boost)  
  29  2:35  Probe  
  30  2:40  Assimilator  
  30  2:47  Stalker  
  30  2:51  Probe  
  33  3:01  Stalker  
  35  3:11  Gateway  
  35  3:14  Shield Battery  
  35  3:39  Zealot, Sentry  
  35  3:41  Shield Battery  
  39  3:43  Probe x2  
  39  3:48  Twilight Council  
  41  3:54  Shield Battery  
  41  3:55  Probe  
  42  4:01  Probe  
  43  4:07  Probe  
  44  4:11  Pylon  
  44  4:14  Zealot  
  44  4:15  Zealot  
  44  4:25  Charge (Chrono Boost)  
  44  4:27  Stalker  
  38  4:35  Zealot x2  
  38  4:37  Probe  
  38  4:38  Probe  
  44  4:51  Stalker  
  44  4:52  Probe  
  47  4:57  Zealot x2  
  51  5:00  Gateway  
  51  5:17  Stalker  
  51  5:18  Stalker x2  
  57  5:21  Shield Battery  
  57  5:34  Gateway  
  57  5:42  Zealot x2  
  61  5:45  Pylon  
  61  5:48  Pylon  
  61  5:50  Pylon  
  61  6:00  Probe (Chrono Boost)  
  61  6:03  Assimilator, Probe (Chrono Boost)  
  63  6:05  Assimilator  
  63  6:07  Templar Archives, Zealot x3  
  69  6:18  Probe x2 (Chrono Boost)  
  71  6:23  Probe (Chrono Boost)  
  71  6:25  Probe (Chrono Boost)  
  71  6:28  Gateway  
  71  6:29  Gateway  
  72  6:35  Zealot x2  
  72  6:38  Zealot  
  77  6:45  Pylon  
  77  6:54  High Templar  
  77  6:55  High Templar  
  77  6:56  Zealot  
  77  6:59  Probe x2  
  77  7:00  Pylon  
  85  7:01  Archon  
  85  7:11  Probe x2  
  65  7:19  High Templar  
  65  7:21  High Templar  
  65  7:22  Zealot x2  
  67  7:23  Probe  
  67  7:27  Zealot x2, Archon  
  74  7:30  Pylon  
  74  7:36  Cybernetics Core  
  74  7:43  High Templar x2  
  78  7:46  Archon  
  78  7:53  Zealot x3  
  78  7:54  Zealot  
  85  8:02  Pylon  
  85  8:07  Forge  
  85  8:15  Zealot, High Templar  
  85  8:16  High Templar  
  85  8:17  Robotics Facility, Zealot x2  
  85  8:19  Zealot  
  97  8:20  Archon  
  97  8:42  Sentry  
  98  8:55  Zealot x5  
  108  9:06  Nexus  
  108  9:07  Pylon  
  106  9:10  Warp Prism (Chrono Boost)  
  106  9:16  High Templar  
  106  9:17  High Templar  
  112  9:20  Archon  
  100  9:46  High Templar x2  
  100  9:50  Archon, Gateway x2  
  102  9:56  Pylon, Probe x2  
  102  9:59  Zealot x2  
  108  10:00  Zealot x2  
Show
View Real Time Build Order
Export as new Build Order

BlyOnFire Zerg 

Build Orders: Hatch First, Ravager All-In 

Get SALT Encoding   

  12  0:01  Drone  
  13  0:12  Overlord  
  13  0:25  Drone  
  14  0:32  Drone  
  15  0:47  Hatchery  
  14  0:53  Drone  
  15  0:58  Drone  
  16  1:06  Drone  
  17  1:13  Extractor  
  16  1:19  Spawning Pool  
  16  1:23  Drone  
  16  1:25  Drone  
  16  1:26  Unknown  
  16  1:31  Drone  
  18  1:36  Drone  
  19  1:57  Overlord  
  19  2:06  Queen x2  
  19  2:07  Zergling x2  
  24  2:09  Zergling x2  
  24  2:12  Zergling x2  
  26  2:18  Metabolic Boost  
  26  2:22  Zergling x2  
  27  2:32  Roach Warren  
  27  2:36  Zergling x2  
  27  2:48  Overlord  
  26  3:01  Drone  
  26  3:03  Zergling x10  
  30  3:13  Roach  
  30  3:14  Roach  
  30  3:19  Roach  
  36  3:23  Roach  
  36  3:37  Roach  
  36  3:38  Roach  
  39  3:49  Overlord, Ravager x2  
  39  3:52  Roach  
  43  3:56  Overlord  
  43  4:00  Ravager  
  44  4:03  Spore Crawler  
  42  4:23  Zergling x14  
  38  4:33  Queen  
  38  4:38  Ravager x2  
  42  4:43  Zergling x2  
  43  4:50  Ravager  
  44  4:56  Zergling x8  
  49  5:00  Ravager  
  49  5:04  Roach  
  51  5:23  Roach x2  
  51  5:24  Overlord  
  55  5:42  Roach x2  
  58  5:53  Baneling Nest  
  65  6:04  Roach x4  
  65  6:10  Overlord  
  65  6:24  Zergling x8  
  66  6:44  Baneling x12  
  66  6:48  Baneling  
  66  6:53  Zergling x4  
  64  6:56  Baneling x2  
  64  7:02  Zergling x2  
  39  7:15  Zergling x8  
  40  7:23  Ravager x2  
  40  7:26  Zergling x4  
  44  7:37  Roach x2  
  44  7:42  Drone  
  49  7:53  Drone x3  
  51  8:02  Drone x2  
  51  8:05  Drone  
  54  8:14  Drone x3  
  57  8:23  Zergling x4  
  59  8:32  Zergling x2  
  59  8:33  Zergling x2  
  60  8:38  Roach  
  62  8:50  Drone  
  63  9:02  Hatchery  
  62  9:03  Baneling  
  62  9:04  Baneling x7  
  62  9:05  Zergling x2  
  62  9:06  Ravager x2  
  61  9:22  Zergling x14  
  55  9:49  Roach x5  
Tags
 
Add a new tag
Caveats
  • Supply blocks, unpowered buildings, or Contaminate may cause inaccurate times.
  • Supply counts are checked every 10 seconds.